 Dungeon Crawl Stone Soup version 0.17-a0-701-gb6462b4 (webtiles) character file.

9751 Nebulous the Fighter (level 11, -7/60 HPs)
             Began as a Vine Stalker Fighter on Apr 19, 2015.
             Was a High Priest of Makhleb.
             Engulfed by a cloud of freezing vapour (9 damage)
             ... in an ice cave.
             The game lasted 00:54:45 (9289 turns).

Nebulous the Fighter (Vine Stalker Fighter)         Turns: 9289, Time: 00:54:45

Health: -7/60      AC: 21    Str: 19    XL:     11   Next: 51%
Magic:  0/16       EV: 13    Int:  9    God:    Makhleb [*****.]
Gold:   293        SH:  2    Dex: 19    Spells: 0 memorised, 10 levels left

rFire  + . .     SeeInvis +     U - +7 battleaxe of Curses {holy, +Blink rC+ Str-2 SInv}
rCold  + . .     Clarity  .     K - +2 scale mail {rF+}
rNeg   . . .     SustAb   .     (no shield)
rPois  .         Gourm    .     X - +0 helmet
rElec  .         Spirit   +     s - +0 cloak
rCorr  .         Warding  .     t - +0 pair of gloves
rMut   .         Stasis   .     (no boots)
MR     +....                    (no amulet)
Stlth  +.........               E - +5 ring of dexterity
                                Z - ring of see invisible

@: somewhat resistant to hostile enchantments, very unstealthy
A: fangs 3, talons 1, iridescent scales 1, large bone plates 1, regeneration 2,
shaggy fur 1, magic shield, antimagic bite, no device heal 3, rot immunity
a: Minor Destruction, Lesser Servant of Makhleb, Major Destruction, Greater
Servant of Makhleb, Renounce Religion, Evoke Blink


You were in an ice cave.
You worshipped Makhleb.
Makhleb was extremely pleased with you.
You were hungry.

You visited 2 branches of the dungeon, and saw 9 of its levels.
You also visited: Sewer, Ossuary and Ice Cave.

You collected 437 gold pieces.
You spent 144 gold pieces at shops.

Inventory:

Hand weapons
 a - a +5 mace
 b - a +1 hand crossbow
 m - a +2 demon trident of freezing
 u - a +2 vampiric short sword
 y - a +1 demon trident of freezing
 R - a +0 hand axe of chopping
 U - the +7 battleaxe of Curses (weapon) {holy, +Blink rC+ Str-2 SInv}
   (You found it on level 8 of the Dungeon)

   It has been blessed by the Shining One to cause great damage to the undead
   and demons.
   It affects your strength (-2).
   It protects you from cold.
   It enhances your eyesight.
   It lets you blink.
Missiles
 D - 2 throwing nets (quivered)
 O - 71 bolts
Armour
 s - a +0 cloak (worn)
 t - a +0 pair of gloves (worn)
 B - a +0 shield
 K - a +2 scale mail of fire resistance (worn)
 X - a +0 helmet (worn)
Rods
 v - a -2 rod of destruction (13/13)
   (You found it on level 2 of the Dungeon)
Jewellery
 C - an uncursed ring of loudness
 E - a +5 ring of dexterity (right hand)
 F - an uncursed amulet of stasis
 H - an uncursed amulet of clarity
 W - an uncursed amulet of warding
 Z - a ring of see invisible (left hand)
Magical devices
 J - a wand of hasting (5)
 Q - a wand of polymorph (13)
Scrolls
 h - a scroll of enchant weapon
 n - 6 scrolls of identify
 p - 2 scrolls of amnesia
 q - 2 scrolls of fear
 r - a scroll of teleportation
 w - a scroll of blinking
 x - 2 scrolls of fog
 I - 5 scrolls of remove curse
 T - 5 scrolls of immolation
 V - a scroll of enchant armour
Potions
 e - 4 potions of might
 f - 4 potions of lignification
 i - 6 potions of curing
 j - 2 potions of resistance
 k - 6 potions of brilliance
 l - a potion of beneficial mutation {unknown}
 o - a potion of ambrosia
 z - a potion of berserk rage
 A - 2 potions of restore abilities
 M - 2 potions of agility
 N - 4 potions of mutation
 P - a potion of flight
 S - a potion of haste {unknown}
Books
 G - a book of the Sky

   Spells                             Type                      Level
   a - Flight                         Charms/Air                   3
   b - Airstrike                      Air                          4
   c - Silence                        Hexes/Air                    5
   d - Deflect Missiles               Charms/Air                   6
   e - Conjure Ball Lightning         Conjuration/Air              6
   f - Tornado                        Air                          9
 L - a book of Battle

   Spells                             Type                      Level
   a - Infusion                       Charms                       1
   b - Shroud of Golubria             Charms/Translocation         2
   c - Song of Slaying                Charms                       2
   d - Spectral Weapon                Hexes/Charms                 3
   e - Regeneration                   Charms/Necromancy            3
Comestibles
 c - 6 slices of pizza
 d - 5 bread rations
 g - 8 meat rations
 Y - 8 fruits


   Skills:
 * Level 8.0 Fighting
 + Level 4.0(5.1) Axes
 + Level 2.1(3.3) Maces & Flails
 + Level 4.2(5.0) Polearms
 + Level 1.6 Crossbows
 * Level 7.5 Armour
 + Level 4.9 Dodging
 + Level 2.6 Stealth
 + Level 6.9 Shields
 * Level 5.8 Invocations
 + Level 0.5 Evocations


You had 10 spell levels left.
You didn't know any spells.

Dungeon Overview and Level Annotations

Branches:
Dungeon (8/15)             Temple (0/1) D:5            Lair (1/8) D:8

Altars:
Ashenzari
Dithmenos
Elyvilon
Gozag
Makhleb
Ru
Sif Muna
Trog
Zin
The Shining One

Shops:
D:6 =*=*[

Annotations:
D:6 ringshop


Innate Abilities, Weirdness & Mutations

You have razor-sharp teeth.
You heal very quickly.
You are covered in fur (AC +1).
When hurt, damage is shared between your health and your magic reserves.
Your bite disrupts and absorbs the magic of your enemies.
Potions and wands cannot restore your health.
You are immune to rotting.
You have sharp toenails.
You are partially covered in iridescent scales (AC +4).
You are partially covered in large bone plates (AC +2, SH +2).


Message History

You blink.
You feel slightly more hungry.
The blue devil swoops through the air toward you!
The blue devil hits you.
* * * LOW HITPOINT WARNING * * *
The blue devil hits you.
* * * LOW HITPOINT WARNING * * *
The blue devil hits you.
* * * LOW HITPOINT WARNING * * *
Really walk into that cloud of freezing vapour?
You are engulfed in freezing vapours.
You resist.
Really walk into that cloud of freezing vapour?
You are engulfed in freezing vapours.
You resist.
* * * LOW HITPOINT WARNING * * *
The blue devil hits you but does no damage.
Really walk into that cloud of freezing vapour?
You are engulfed in freezing vapours.
You resist.
* * * LOW HITPOINT WARNING * * *
The blue devil barely misses you.
You are engulfed in freezing vapours.
You resist.
You die...

#.......#
##.##..#§#..#.#.##
##..##...#
#..#.§.§§.....#.)#
#...###..#
#.......§3......)#
#..##.#.##
#.§.#.§.####..#.?#
#..#....## #..§#§........#
##
#..##....###§.§#.§......##
##..#..[.##§§§§###..#...#
#..##...##§§..§§##.#..##
##..#..##..#@.§§§#§#..#
#..####..###§34§§§§###
##.###...# #.44§§§§.#
##..#..## ##....§§.#
#....## #..§§§.## ##..##
##.....# #### ##...##
##.## ###


You could see an ice devil and 3 blue devils.

Vanquished Creatures
  2 ice statues (IceCv)
  An elephant (D:8)
  4 blue devils (IceCv)
  5 blink frogs (Lair:1)
  6 yaks
  Eustachio (D:4)
  A porcupine (Lair:1)
  2 sky beasts (D:8)
  12 ice beasts
  2 ogres
  2 orc warriors
  2 phantoms
  3 crocodiles
  2 centaurs (D:8)
  3 big kobolds
  5 giant frogs
  A water moccasin skeleton (D:8)
  A crimson imp (D:7)
  2 goliath beetles (D:8)
  A quasit (D:8)
  A giant frog zombie (D:8)
  2 centaur zombies (Ossuary)
  2 human zombies (Ossuary)
  2 orc priests (D:8)
  A jelly (D:6)
  2 hounds (D:4)
  A gnoll shaman (D:8)
  3 iguanas
  4 worker ants
  A giant frog skeleton (D:6)
  8 orc wizards
  3 sheep
  4 mummies (Ossuary)
  7 gnolls
  4 adders
  15 river rats
  A shadow imp (D:8)
  7 white imps (IceCv)
  7 ufetubi (IceCv)
  An ooze (Sewer)
  An adder zombie (D:8)
  3 worms
  24 orcs
  6 ball pythons
  15 bats
  A bat skeleton (D:5)
  10 giant cockroaches
  A gnoll zombie (Ossuary)
  21 hobgoblins
  28 kobolds
  11 giant geckos
  4 giant newts
  A giant spore (D:6)
  16 goblins
  A hobgoblin zombie (Ossuary)
  27 jackals
  A kobold zombie (Ossuary)
  An orc zombie (Ossuary)
  4 quokkas
  29 rats
  5 ballistomycetes
344 creatures vanquished.

Vanquished Creatures (collateral kills)
  A hydra (D:8)
  An orange demon (Lair:1)
  A blue devil (IceCv)
  4 blink frogs (Lair:1)
  2 yaks
  2 ice beasts (Lair:1)
  A giant frog (Lair:1)
  A big kobold (D:8)
  2 jellies
  A hound (D:8)
  2 river rats (Lair:1)
  A bat (D:8)
  A giant cockroach (D:8)
  A jackal (D:7)
21 creatures vanquished.

Vanquished Creatures (others)
  A hellwing (IceCv)
  A smoke demon (Lair:1)
  A ynoxinul (Lair:1)
  An orc wizard (D:3)
  4 ufetubi
  A giant spore (D:7)
9 creatures vanquished.

Grand Total: 374 creatures vanquished

Notes
Turn   | Place    | Note
--------------------------------------------------------------
     0 | D:1      | Nebulous, the Vine Stalker Fighter, began the quest for the Orb.
     0 | D:1      | Reached XP level 1. HP: 11/11 MP: 2/2
   235 | D:1      | Reached XP level 2. HP: 14/16 MP: 1/3
   618 | D:2      | Found a white marble altar of Elyvilon.
   631 | D:2      | Reached skill level 3 in Fighting
   631 | D:2      | Reached XP level 3. HP: 18/20 MP: 4/4
   925 | D:2      | Reached XP level 4. HP: 18/24 MP: 5/5
  1198 | D:3      | Found a shadowy altar of Dithmenos.
  1442 | D:3      | Reached skill level 1 in Dodging
  1544 | D:3      | Reached XP level 5. HP: 24/28 MP: 4/6
  1804 | D:4      | Noticed Eustachio
  1857 | D:4      | Killed Eustachio
  1857 | D:4      | Gained mutation: You heal very quickly. [Vine Stalker growth]
  1857 | D:4      | Reached XP level 6. HP: 30/33 MP: 5/7
  2009 | D:4      | Found a burning altar of Makhleb.
  2019 | D:4      | Became a worshipper of Makhleb the Destroyer
  2045 | D:4      | Reached skill level 4 in Fighting
  2115 | D:4      | Found a deep blue altar of Sif Muna.
  2135 | D:4      | Reached XP level 7. HP: 26/37 MP: 6/8
  2731 | D:5      | Entered Level 5 of the Dungeon
  3181 | D:5      | Acquired Makhleb's first power
  3413 | D:5      | Found a staircase to the Ecumenical Temple.
  3463 | D:5      | Identified a -2 rod of destruction (13/13) (You found it on level 2 of the Dungeon)
  3557 | D:5      | Found a shattered altar of Ashenzari.
  3641 | D:5      | Gained mutation: You have razor-sharp teeth. [Vine Stalker growth]
  3641 | D:5      | Reached XP level 8. HP: 42/42 MP: 7/9
  3746 | D:5      | Reached skill level 5 in Fighting
  3933 | D:5      | Found a bloodstained altar of Trog.
  4432 | D:6      | Found a glowing drain.
  4466 | D:6      | Acquired Makhleb's second power
  4475 | Sewer    | Entered a sewer
  4609 | Sewer    | Reached skill level 5 in Armour
  4703 | Sewer    | Acquired Makhleb's third power
  4991 | Sewer    | Gained mutation: You are partially covered in iridescent scales (AC +4). [potion of mutation]
  4991 | Sewer    | Gained mutation: You have sharp toenails. [potion of mutation]
  4991 | Sewer    | Gained mutation: You are partially covered in large bone plates (AC +2, SH +2). [potion of mutation]
  5284 | D:6      | Found Zin's Purification Station.
  5287 | D:6      | Found Telighey's Jewellery Shop.
  5289 | D:6      | Found a glowing silver altar of Zin.
  5429 | D:6      | Found Qimaut's Jewellery Shop.
  5524 | D:6      | Bought a cursed -2 ring of dexterity for 30 gold pieces
  5528 | D:6      | Bought a cursed amulet of inaccuracy for 30 gold pieces
  5598 | D:6      | Found Cirysep's Antique Armour Boutique.
  5611 | D:6      | Found Letuwn's Assorted Antiques.
  5642 | D:6      | Bought a glowing scale mail for 84 gold pieces
  5865 | D:7      | Reached skill level 1 in Crossbows
  5867 | D:7      | Acquired Makhleb's fourth power
  5916 | D:7      | Reached skill level 5 in Shields
  5948 | D:7      | Reached skill level 1 in Invocations
  5948 | D:7      | Reached XP level 9. HP: 47/47 MP: 10/10
  6026 | D:7      | Found a sand-covered staircase.
  6032 | Ossuary  | Entered an ossuary
  6388 | D:7      | Found a shattered altar of Ashenzari.
  6423 | D:7      | Acquired Makhleb's fifth power
  6704 | D:8      | Found a staircase to the Lair.
  6704 | D:8      | Noticed an elephant
  6711 | D:7      | Reached skill level 1 in Axes
  6828 | D:8      | Found a sacrificial altar of Ru.
  6934 | D:8      | Killed an elephant
  6934 | D:8      | Reached skill level 6 in Fighting
  7022 | D:8      | Reached skill level 1 in Maces & Flails
  7192 | D:8      | Reached XP level 10. HP: 49/53 MP: 13/13
  7599 | D:8      | Noticed a three-headed hydra
  7630 | D:8      | Killed a three-headed hydra
  7630 | D:8      | Reached skill level 1 in Stealth
  7748 | D:8      | Got a fine battleaxe
  7756 | D:8      | Identified the +7 battleaxe of Curses {holy, +Blink rC+ Str-2 SInv} (You found it on level 8 of the Dungeon)
  7772 | D:8      | Found a shadowy altar of Dithmenos.
  7827 | D:8      | Found an opulent altar of Gozag.
  7829 | D:8      | Found a glowing golden altar of the Shining One.
  8219 | Lair:1   | Entered Level 1 of the Lair of Beasts
  8701 | Lair:1   | Reached skill level 7 in Fighting
  8779 | Lair:1   | Reached XP level 11. HP: 47/58 MP: 12/15
  8868 | Lair:1   | Found a frozen archway.
  8871 | Lair:1   | Reached skill level 5 in Invocations
  8902 | IceCv    | Entered an ice cave
  8931 | IceCv    | Noticed an ice statue
  8931 | IceCv    | Noticed an ice statue
  8993 | IceCv    | Killed an ice statue
  9022 | IceCv    | Killed an ice statue
  9164 | IceCv    | Reached skill level 8 in Fighting
  9212 | IceCv    | Noticed an ice devil
  9283 | IceCv    | HP: 3/60 [something (8)]
  9288 | IceCv    | HP: 1/60 [something (5)]
  9289 | IceCv    | Engulfed by a cloud of freezing vapour

Action                   |  1- 3 |  4- 6 |  7- 9 | 10-12 || total
-------------------------+-------+-------+-------+-------++-------
Melee: Trident           |   111 |   246 |   357 |       ||   714
       Mace              |       |       |   125 |    72 ||   197
       Hand axe          |       |       |    90 |       ||    90
       Battleaxe         |       |       |       |   154 ||   154
 Fire: Hand crossbow     |       |       |    17 |     4 ||    21
Throw: Throwing net      |       |       |     1 |       ||     1
Invok: Lesser Servant of |       |       |     2 |     8 ||    10
 Abil: Evoke Blink       |       |       |       |    10 ||    10
Evoke: Rod               |       |       |     4 |     3 ||     7
  Use: Scroll            |       |     1 |    19 |     3 ||    23
       Potion            |       |       |     6 |       ||     6
 Stab: Held in net/web   |       |       |     1 |       ||     1
       Distracted        |       |       |       |     3 ||     3
  Eat: Chunk             |       |     5 |     7 |     2 ||    14
       Bread ration      |       |       |     1 |       ||     1
       Fruit             |       |       |     4 |     8 ||    12
       Pizza             |       |       |     1 |       ||     1
       Beef jerky        |       |       |     1 |       ||     1
